 Dungeon Crawl Stone Soup version 0.31.0-11-ge490571c62 (webtiles) character file.

Game seed: 17898247988098161501

292 Zeia the Trooper (level 6, -4/58 HPs)
             Began as a Minotaur Fighter on Jan 26, 2024.
             Was an Initiate of Okawaru.
             Slain by a gnoll
             ... wielding a +0 halberd
              (13 damage)
             ... on level 4 of the Dungeon.
             The game lasted 00:03:41 (1708 turns).

Zeia the Trooper (Minotaur Fighter)                 Turns: 1708, Time: 00:03:42

Health: -4/58      AC:  6    Str: 23    XL:     6   Next: 10%
Magic:  5/5        EV:  9    Int:  5    God:    Okawaru [......]
Gold:   206        SH:  4    Dex:  9    Spells: 5/5 levels left

rFire   . . .        a - +0 war axe
rCold   . . .        c - +0 buckler
rNeg    . . .        b - +0 scale mail
rPois   .            (helmet restricted)
rElec   .            (no cloak)
rCorr   .            (no gloves)
SInv    .            (no boots)
Will    .....        (no amulet) Stlth
                     (no ring)
HPRegen 0.29/turn    (no ring)
MPRegen 0.09/turn

%: no passive effects
@: no status effects
A: horns 2, retaliatory headbutt
a: Renounce Religion


You were on level 4 of the Dungeon.
You worshipped Okawaru.
Okawaru was noncommittal.
You visited 1 branch of the dungeon, and saw 4 of its levels.

You collected 206 gold pieces.

Inventory:

Hand Weapons
 a - a +0 war axe (weapon)
Armour
 b - a +0 scale mail (worn)
 c - a +0 buckler (worn)
Scrolls
 g - 3 scrolls of immolation
 j - 2 scrolls of identify {unknown}
 m - a scroll of vulnerability {unknown}
 n - a scroll of fog {unknown}
 o - a scroll of enchant weapon {unknown}
 p - a scroll of noise {unknown}
Potions
 d - a potion of might
 e - a potion of curing {unknown}
 i - 2 potions of resistance {unknown}
 k - a potion of haste {unknown}
 l - a potion of enlightenment {unknown}
 q - 2 potions of ambrosia {unknown}


   Skills:
 + Level 6.4 Fighting
 + Level 5.7 Axes
 - Level 3.6 Armour
 - Level 3.6 Shields


You had 5 spell levels left.
You didn't know any spells.
Your spell library contained the following spells:

 Spells                   Type           Power      Damage    Failure   Level
 Apportation              Tloc           0%         N/A       85%         1
 Necrotise                Necr           0%         1d4       85%         1
 Sting                    Conj/Alch      0%         1d3       85%         1
 Ensorcelled Hibernation  Hex/Ice        0%         N/A       94%         2
 Fugue of the Fallen      Necr           0%         N/A       99%         3
 Anguish                  Hex/Necr       0%         N/A       100%        4
 Summon Small Mammal      Summ           Unusable   N/A       N/A         1

Dungeon Overview and Level Annotations

Branches:
Dungeon (4/15)             Temple (0/1) D:4

Altars:
Gozag
Hepliaklqana
Makhleb
Okawaru
Qazlal
Uskayaw
Wu Jian

Shops:
D:2 !

Annotations:
D:3 1 runed translucent door, Crazy Yiuf


Innate Abilities, Weirdness & Mutations

You have a pair of horns on your head.
You reflexively headbutt those who attack you in melee.


Message History

You see here a +0 club.
You hit the orc.
You kill the orc!
Okawaru accepts your kill. The gnoll barely misses you.
You block the gnoll's attack.
Things that are here:
a +0 hand axe; a +0 leather armour; an orc corpse You hit the gnoll.
The gnoll is lightly wounded.
The gnoll barely misses you. x2; The gnoll hits you with a +0 whip.
You slash the gnoll!
You kill the gnoll!
Okawaru accepts your kill.
The gnoll hits you from afar with a +0 halberd.
You block the gnoll's attack.
The gnoll hits you from afar with a +0 halberd!
The gnoll hits you from afar with a +0 halberd.
The gnoll attacks as it pursues you! The gnoll barely misses you.
You see here a +0 club.
The gnoll hits you with a +0 halberd. The gnoll closely misses you.
Things that are here:
a +0 hand axe; a +0 leather armour; an orc corpse You barely miss the gnoll.
Your headbutt misses the gnoll. You hit the gnoll. The gnoll barely misses you.
You block the gnoll's attack.
You hit the gnoll.
The gnoll is lightly wounded.
You slash the gnoll! The gnoll hits you with a +0 halberd!
The gnoll misses you.
You barely miss the gnoll. Your headbutt misses the gnoll.
The gnoll is lightly wounded.
You hit the gnoll but do no damage. The gnoll barely misses you.
The gnoll hits you with a +0 halberd!
* * * LOW HITPOINT WARNING * * *
The gnoll hits you but does no damage.
You hit the gnoll.
The gnoll is moderately wounded.
You barely miss the gnoll. The gnoll hits you with a +0 halberd!
* * * LOW HITPOINT WARNING * * *
The gnoll hits you with a +0 halberd!
You die...

**<,,,,,,,*******#.......##.
*,,,.......* ###.....##.
*>,,.......* #........
*,,,.......* #....###[
*,,,.......* ##.##....
*,,,.......###*#####..##.###
**,,.........,,........<.###
*,,,.......)##*#...........#
*,,,......g@)# #............
*,,,......g#.###..........#.
*,,,...........#..........##
*,,,.............##########
*,,,......#.......##### ***
*,*,#######.....#.)...#***,,
*,***,****###..######.#*,,,*
*,*,**,_,*,,#..# *,#,,***
*,,,,,,,,,,....# *,*,**


You could see 2 gnolls.

Vanquished Creatures
  The ghost of booth the Chopper, an amateur DsMo (D:3)
  A scorpion (D:4)
  An iguana (D:4)
  A gnoll (D:4)
  3 adders
  A ribbon worm (D:3)
  10 orcs
  A ball python (D:3)
  6 endoplasms
  7 giant cockroaches
  5 hobgoblins
  4 jackals (D:3)
  6 quokkas
  3 bats
  A frilled lizard (D:1)
  6 goblins
  8 kobolds
  6 rats
71 creatures vanquished.

Notes
Turn   | Place    | Note
-------+----------+-------------------------------------------
     0 | D:1      | Zeia the Minotaur Fighter began the quest for the Orb.
     0 | D:1      | Reached XP level 1. HP: 19/19 MP: 0/0
   121 | D:1      | Reached skill level 4 in Fighting
   143 | D:1      | Reached XP level 2. HP: 27/27 MP: 1/1
   240 | D:1      | Found a faded altar of an unknown god.
   455 | D:2      | Reached XP level 3. HP: 34/34 MP: 2/2
   755 | D:2      | Found Tyev Ave's Distillery.
   867 | D:3      | Reached XP level 4. HP: 39/41 MP: 3/3
   977 | D:3      | Reached skill level 5 in Fighting
  1030 | D:3      | Found a stormy altar of Qazlal.
  1031 | D:3      | Found a hide-covered altar of Uskayaw.
  1110 | D:3      | Found a burning altar of Makhleb.
  1112 | D:3      | Found an iron altar of Okawaru.
  1113 | D:3      | Found a hazy altar of Hepliaklqana.
  1120 | D:3      | Became a worshipper of Warmaster Okawaru
  1140 | D:3      | Found a runed translucent door.
  1141 | D:3      | Noticed Crazy Yiuf
  1233 | D:3      | Found a runed translucent gate.
  1234 | D:3      | Found a runed translucent gate.
  1235 | D:3      | Found a runed translucent gate.
  1235 | D:3      | Noticed booth's ghost (amateur DsMo)
  1343 | D:3      | Killed booth's ghost
  1344 | D:3      | Reached skill level 5 in Axes
  1344 | D:3      | Reached XP level 5. HP: 29/50 MP: 4/4
  1434 | D:3      | Identified the +0 leather armour of Amelioration {+Inv rF-
                  | Int+8}
  1510 | D:4      | Found an opulent altar of Gozag.
  1555 | D:4      | Reached skill level 6 in Fighting
  1646 | D:4      | Found an ornate altar of the Wu Jian Council.
  1661 | D:4      | Reached XP level 6. HP: 57/57 MP: 5/5
  1708 | D:4      | Slain by a gnoll

Illustrated notes

Levels and vault maps discovered:
D:1:      nzn_arrival_water_spiral, layout_rooms, ebering_ecumenical_altar_mist
D:2:      layout_rooms, serial_shops, shop
D:3:      layout_rooms, grunt_temple_overflow_open, biasface_ghost_orc_armoury,
          uniq_crazy_yiuf_cottage
D:4:      layout_rooms, nicolae_gozag_seed_capital, zin_academy,
          nicolae_wu_jian_glorious_leap, minmay_temple_entry_statues_pillars

Skill      XL: |  1  2  3  4  5 |
---------------+----------------+-----
Fighting       | 4 5 6 |  6.4
Axes           | 3 4 5 |  5.7
Armour         | |  3.6
Shields        | |  3.6

Action                     |  1- 3 |  4- 6 || total
---------------------------+-------+-------++-------
  Melee: War axe           |    73 |    66 ||   139
         Headbutt          |     2 |    11 ||    13
    Use: Scroll            |       |     3 ||     3
 Armour: Scale mail        |    41 |    49 ||    90
  Dodge: Dodged            |    44 |    33 ||    77
  Block: Buckler           |    19 |    18 ||    37
